 Dungeon Crawl Stone Soup version 0.22-a0-322-g60b3cfd (webtiles) character file.

6277 xccam the Cruncher (level 10, 0/75 HPs)
             Began as a Gnoll Wanderer on Apr 4, 2018.
             Was a High Priest of Cheibriados.
             Killed from afar by an orc wizard (6 damage)
             ... with a magic dart
             ... on level 9 of the Dungeon.
             The game lasted 00:20:35 (8536 turns).

xccam the Cruncher (Gnoll Wanderer)                 Turns: 8536, Time: 00:20:35

Health: 0/75       AC: 13    Str: 31    XL:     10   Next: 94%
Magic:  19/19      EV: 14    Int: 24    God:    Cheibriados [*****.]
Gold:   495        SH:  0    Dex: 31    Spells: 21/21 levels left

rFire    . . .     SeeInvis .   a - +2 quarterstaff
rCold    . . .     Gourm    .   (shield currently unavailable)
rNeg     . . .     Faith    +   r - +0 plate armour
rPois    .         Spirit   .   x - +1 hat
rElec    .         Reflect  .   (no cloak)
rCorr    .         Harm     .   (no gloves)
MR       .....                  (no boots)
Stlth    +.........             n - amulet of faith
HPRegen  0.22/turn              y - ring of stealth
MPRegen  0.16/turn              (no ring)

@: very slow
A: distributed training, fangs 1, strong nose
a: Bend Time, Temporal Distortion, Slouch, Step From Time, Renounce Religion


You were on level 9 of the Dungeon.
You worshipped Cheibriados.
Cheibriados was extremely pleased with you.
You were not hungry.

You visited 1 branch of the dungeon, and saw 9 of its levels.

You collected 607 gold pieces.
You spent 112 gold pieces at shops.

Inventory:

Hand Weapons
 a - a +2 quarterstaff (weapon)
 c - a +0 spear of piercing
 d - a +0 whip of flaming
Missiles
 e - 22 stones (quivered)
Armour
 l - a +0 helmet
 r - a +0 plate armour (worn)
 x - a +1 hat (worn)
 A - a +0 buckler
Jewellery
 n - an amulet of faith (around neck)
 y - a ring of stealth (left hand)
Wands
 w - a wand of flame (29)
Scrolls
 g - a scroll of enchant armour {unknown}
 h - 8 scrolls of remove curse
 i - 2 scrolls of vulnerability {unknown}
 j - a scroll of immolation {unknown}
 k - 2 scrolls of fog
 o - a scroll of blinking
 q - 5 scrolls of teleportation
 s - a scroll of identify
 t - 3 scrolls of amnesia {unknown}
Potions
 b - 2 potions of lignification
 m - 2 potions of curing
 p - 2 potions of mutation
 u - a potion of agility {unknown}
 v - 3 potions of flight
 z - a potion of invisibility {unknown}
Comestibles
 f - 15 rations


   Skills:
 + Level 5.6 Fighting
 + Level 5.6 Short Blades
 + Level 5.6 Long Blades
 + Level 5.6 Axes
 + Level 5.6 Maces & Flails
 + Level 5.6 Polearms
 + Level 8.7 Staves
 + Level 5.6 Slings
 + Level 5.6 Bows
 + Level 5.6 Crossbows
 + Level 5.6 Throwing
 + Level 5.6 Armour
 + Level 6.2 Dodging
 + Level 7.1 Stealth
 + Level 5.6 Shields
 + Level 5.6 Unarmed Combat
 + Level 6.3 Spellcasting
 + Level 4.6 Conjurations
 + Level 4.6 Hexes
 + Level 4.6 Charms
 + Level 4.6 Summonings
 + Level 4.6 Necromancy
 + Level 4.6 Translocations
 + Level 4.6 Transmutations
 + Level 5.2 Fire Magic
 + Level 5.2 Ice Magic
 + Level 4.6 Air Magic
 + Level 4.6 Earth Magic
 + Level 4.6 Poison Magic
 + Level 6.2 Invocations
 + Level 6.2 Evocations


You had 21 spell levels left.
You didn't know any spells.

Dungeon Overview and Level Annotations

Branches:
Dungeon (9/15)             Temple (0/1) D:6            Lair (0/6) D:8
    Orc (0/2) D:9

Altars:
Cheibriados
Dithmenos
Okawaru
Ru
Sif Muna
Yredelemnul
Zin

Shops:
D:4 (   D:5 =!


Innate Abilities, Weirdness & Mutations

Your experience applies equally to all skills.
You have very sharp teeth.
Your uncanny sense of smell can sniff out nearby items.


Message History

You completely miss the orc wizard.
The orc wizard gestures wildly while chanting.
The orc wizard seems to speed up.
You closely miss the orc wizard. You bite the orc wizard.
The orc wizard is moderately wounded.
The orc wizard hits you but does no damage.
You are electrocuted!
* * * LOW HITPOINT WARNING * * *
The orc wizard casts a spell at you. The puff of flame hits you!
* * * LOW HITPOINT WARNING * * *
The orc wizard mumbles some strange words.
The orc wizard flickers and vanishes!
Deactivating autopickup; reactivate with Ctrl-A.
The orc wizard hits you but does no damage.
You are electrocuted!
* * * LOW HITPOINT WARNING * * *
The orc wizard points at you and mumbles some strange words.
The magic dart hits you!
You die...

..............†..................
≈≈≈≈≈≈≈≈≈≈≈≈≈≈≈≈≈≈≈≈≈≈≈≈≈≈.......
8≈≈≈≈≈≈≈≈≈≈≈≈≈≈≈≈≈≈≈≈≈≈≈≈≈..†....
≈.'#####################≈≈.###...
≈.#..................§{#≈≈...#...
≈##..................###≈≈...####
))[.........8.........>#≈≈.......
≈##.....).....)......###≈≈.......
≈.#.............@o...≈.#≈≈.#'###+
≈)'#####################≈≈.......
8≈≈≈≈≈≈≈≈≈≈≈≈≈≈≈≈≈≈≈≈≈≈≈≈≈.......
≈≈≈≈≈≈≈≈≈≈≈≈≈≈≈≈≈≈≈≈≈≈≈≈≈≈.......
........................)).......
..#.............#.......)#.......
.<#.............#...(...(#.......
..#.########....#.....((.#.......
..#.#......#....#..#####.#.......


You could see an orc wizard.

Vanquished Creatures
  A hydra (D:9)
  A two-headed ogre (D:8)
  Pikel (D:7)
  A hippogriff (D:9)
  A spriggan (D:7)
  A hungry ghost (D:8)
  A water moccasin (D:9)
  5 orc warriors (D:9)
  2 ice beasts
  A slave (D:7)
  A sky beast (D:7)
  A phantom (D:5)
  A necrophage (D:6)
  2 ogres (D:4)
  2 centaurs
  3 bullfrogs
  2 big kobolds
  A wyvern skeleton (D:9)
  A water moccasin zombie (D:6)
  2 scorpions
  A water moccasin skeleton (D:7)
  5 wights (D:7)
  7 killer bees (D:9)
  2 howler monkeys
  2 electric eels (D:9)
  10 crimson imps
  A jelly (D:9)
  3 hounds
  A centaur skeleton (D:6)
  12 orc wizards
  3 orc priests
  2 iguanas
  7 worker ants
  2 hound skeletons
  A howler monkey zombie (D:7)
  4 gnolls (D:6)
  12 adders
  4 shadow imps
  2 adder skeletons
  4 adder zombies
  2 worms (D:2)
  A dart slug (D:2)
  3 leopard geckos
  23 orcs
  3 ball pythons
  4 bats
  10 giant cockroaches
  7 goblins
  5 hobgoblins
  A jackal (D:7)
  3 quokkas
  4 frilled lizards (D:2)
  12 kobolds
  A quokka skeleton (D:5)
  2 quokka zombies (D:5)
  15 rats
  A spectral orc (D:6)
213 creatures vanquished.

Notes
Turn   | Place    | Note
-------+----------+-------------------------------------------
     0 | D:1      | xccam the Gnoll Wanderer began the quest for the Orb.
     0 | D:1      | xccam set off with: a +2 quarterstaff, 2 potions of lignification, a +0 robe, a +0 dagger, a ration
     0 | D:1      | Reached XP level 1. HP: 13/13 MP: 4/4
    23 | D:1      | Reached XP level 2. HP: 13/19 MP: 5/5
   644 | D:1      | Reached XP level 3. HP: 24/25 MP: 7/7
   818 | D:2      | Reached skill level 1 in Invocations
   841 | D:2      | Reached skill level 1 in Fighting
   841 | D:2      | Reached skill level 1 in Short Blades
   841 | D:2      | Reached skill level 1 in Long Blades
   841 | D:2      | Reached skill level 1 in Axes
   841 | D:2      | Reached skill level 1 in Maces & Flails
   841 | D:2      | Reached skill level 1 in Polearms
   841 | D:2      | Reached skill level 1 in Slings
   841 | D:2      | Reached skill level 1 in Bows
   841 | D:2      | Reached skill level 1 in Crossbows
   841 | D:2      | Reached skill level 1 in Throwing
   841 | D:2      | Reached skill level 1 in Armour
   841 | D:2      | Reached skill level 1 in Shields
   841 | D:2      | Reached skill level 1 in Unarmed Combat
   847 | D:2      | Reached XP level 4. HP: 3/32 MP: 8/8
   854 | D:2      | Reached skill level 1 in Conjurations
   854 | D:2      | Reached skill level 1 in Hexes
   854 | D:2      | Reached skill level 1 in Charms
   854 | D:2      | Reached skill level 1 in Summonings
   854 | D:2      | Reached skill level 1 in Necromancy
   854 | D:2      | Reached skill level 1 in Translocations
   854 | D:2      | Reached skill level 1 in Transmutations
   854 | D:2      | Reached skill level 1 in Air Magic
   854 | D:2      | Reached skill level 1 in Earth Magic
   854 | D:2      | Reached skill level 1 in Poison Magic
   858 | D:2      | Reached XP level 5. HP: 5/37 MP: 9/9
  1801 | D:3      | Found a deep blue altar of Sif Muna.
  1940 | D:3      | Found a snail-covered altar of Cheibriados.
  1966 | D:3      | Became a worshipper of Cheibriados the Contemplative
  2493 | D:4      | Reached XP level 6. HP: 40/44 MP: 10/10
  2773 | D:4      | Reached XP level 7. HP: 30/50 MP: 12/12
  2794 | D:4      | Found a shadowy altar of Dithmenos.
  2901 | D:4      | Found Malet's Antique Weapon Emporium.
  2943 | D:4      | Reached * piety under Cheibriados
  2943 | D:4      | Reached skill level 7 in Staves
  3577 | D:5      | Entered Level 5 of the Dungeon
  3643 | D:5      | Reached skill level 5 in Stealth
  3656 | D:5      | Found an iron altar of Okawaru.
  3786 | D:5      | You fall through a shaft for 2 floors!
  3879 | D:5      | Reached XP level 8. HP: 57/57 MP: 14/14
  3929 | D:5      | Found Zoqeumim's Jewellery Shop.
  4088 | D:5      | Found Wyogiem's Distillery.
  4139 | D:5      | Bought a potion of mutation for 112 gold pieces
  4217 | D:5      | Reached ** piety under Cheibriados
  4535 | D:6      | Found a basalt altar of Yredelemnul.
  4622 | D:6      | Found a staircase to the Ecumenical Temple.
  5206 | D:7      | Reached XP level 9. HP: 51/64 MP: 14/16
  5228 | D:7      | Reached *** piety under Cheibriados
  5353 | D:7      | Found a sacrificial altar of Ru.
  5396 | D:7      | Reached skill level 5 in Spellcasting
  5482 | D:7      | Found a sacrificial altar of Ru.
  5606 | D:7      | Reached skill level 5 in Dodging
  5606 | D:7      | Reached skill level 5 in Evocations
  5669 | D:7      | Reached **** piety under Cheibriados
  5758 | D:7      | Noticed Pikel
  5796 | D:7      | Killed Pikel
  5796 | D:7      | Reached skill level 8 in Staves
  6153 | D:8      | Reached skill level 5 in Invocations
  6175 | D:8      | Identified the Incunabulum of the Tortoise
  6462 | D:8      | Noticed a two-headed ogre
  6469 | D:8      | Killed a two-headed ogre
  6469 | D:8      | Reached XP level 10. HP: 72/72 MP: 18/18
  6507 | D:8      | Found a staircase to the Lair.
  6549 | D:8      | Found a glowing silver altar of Zin.
  6875 | D:9      | Reached skill level 5 in Fighting
  6875 | D:9      | Reached skill level 5 in Short Blades
  6875 | D:9      | Reached skill level 5 in Long Blades
  6875 | D:9      | Reached skill level 5 in Axes
  6875 | D:9      | Reached skill level 5 in Maces & Flails
  6875 | D:9      | Reached skill level 5 in Polearms
  6875 | D:9      | Reached skill level 5 in Slings
  6875 | D:9      | Reached skill level 5 in Bows
  6875 | D:9      | Reached skill level 5 in Crossbows
  6875 | D:9      | Reached skill level 5 in Throwing
  6875 | D:9      | Reached skill level 5 in Armour
  6875 | D:9      | Reached skill level 5 in Shields
  6875 | D:9      | Reached skill level 5 in Unarmed Combat
  7160 | D:9      | Reached ***** piety under Cheibriados
  7697 | D:9      | Noticed a five-headed hydra
  7706 | D:9      | Killed a five-headed hydra
  7706 | D:9      | Reached skill level 5 in Fire Magic
  7706 | D:9      | Reached skill level 5 in Ice Magic
  8491 | D:9      | Found a staircase to the Orcish Mines.
  8536 | D:9      | Killed from afar by an orc wizard

Vault maps used:
D:1:      erik_arrival_orb_chamber, serial_bayou_lagoon_a
D:3:      cheibriados_altar_1, lemuel_blue_sif_altar
D:4:      lemuel_crystal_altar, serial_shops, shop
D:5:      serial_shops, kennysheep_mini_moat, first_ration, kennysheep_diamond,
          okawaru_metal_pillars_3
D:6:      yredelemnul_forgotten_temple_becter, minmay_temple_entry_glassed_door,
          serial_column_ruins, column_ruins_hut_ruined,
          column_ruins_hut_pillars, column_ruins_open_small,
          column_ruins_open_small, column_ruins_open_tiny, column_ruins_grid_4,
          column_ruins_grid_3, column_ruins_corridor_T, column_ruins_open_tiny
D:7:      marbit_many_paths, the_bakery, nicolae_ru_the_path_less_chosen,
          uniq_pikel
D:8:      zin_academy, lair_entry_dummy, item_on_display_a
D:9:      erik_orc_2

Skill      XL: |  1  2  3  4  5  6  7  8  9 10 |
---------------+-------------------------------+-----
Fire Magic     | 2 3 4 5 |  5.2
Ice Magic      | 2 3 4 5 |  5.2
Invocations    | 1 2 3 4 5 6 |  6.2
Fighting       | 1 2 3 4 5 |  5.6
Short Blades   | 1 2 3 4 5 |  5.6
Long Blades    | 1 2 3 4 5 |  5.6
Axes           | 1 2 3 4 5 |  5.6
Maces & Flails | 1 2 3 4 5 |  5.6
Polearms       | 1 2 3 4 5 |  5.6
Slings         | 1 2 3 4 5 |  5.6
Bows           | 1 2 3 4 5 |  5.6
Crossbows      | 1 2 3 4 5 |  5.6
Throwing       | 1 2 3 4 5 |  5.6
Armour         | 1 2 3 4 5 |  5.6
Shields        | 1 2 3 4 5 |  5.6
Unarmed Combat | 1 2 3 4 5 |  5.6
Spellcasting   | 3 4 5 6 |  6.3
Conjurations   | 1 2 3 4 |  4.6
Hexes          | 1 2 3 4 |  4.6
Charms         | 1 2 3 4 |  4.6
Summonings     | 1 2 3 4 |  4.6
Necromancy     | 1 2 3 4 |  4.6
Translocations | 1 2 3 4 |  4.6
Transmutations | 1 2 3 4 |  4.6
Air Magic      | 1 2 3 4 |  4.6
Earth Magic    | 1 2 3 4 |  4.6
Poison Magic   | 1 2 3 4 |  4.6
Dodging        | 3 4 5 6 |  6.2
Evocations     | 3 4 5 6 |  6.2
Staves         | 7 8 |  8.7
Stealth        | 5 6 7 |  7.1

Action                   |  1- 3 |  4- 6 |  7- 9 | 10-12 || total
-------------------------+-------+-------+-------+-------++-------
Melee: Quarterstaff      |    83 |   113 |   310 |   183 ||   689
       Bite              |     3 |    12 |    51 |    38 ||   104
Throw: Stone             |       |       |       |     4 ||     4
Evoke: Wand              |       |       |     7 |     7 ||    14
  Use: Potion            |     2 |       |     1 |     2 ||     5
       Scroll            |       |     1 |    10 |     1 ||    12
 Stab: Sleeping          |     1 |     3 |     8 |     1 ||    13
       Distracted        |       |       |       |     2 ||     2
  Eat: Chunk             |       |     6 |     6 |     3 ||    15
       Ration            |       |       |       |     1 ||     1
Armor: Robe              |     5 |       |       |       ||     5
       Scale mail        |    13 |    18 |    89 |    38 ||   158
       Skin              |    15 |     7 |       |       ||    22
       Plate armour      |       |       |       |    11 ||    11
Dodge: Dodged            |    39 |    44 |   166 |   154 ||   403

Table legend:
 A = Spawn XP
 B = Non-spawn XP
 C = Spawn XP percentage of total XP
 D = Spawn monster count
 E = Non-spawn monster count
 F = Spawn count percentage of total count
 G = Total turns spent on level
                    A         B        C        D         E        F      G
               +---------+---------+-------+---------+---------+-------+---------
         Total |       0 |    8968 |   0.0 |       0 |     212 |   0.0 |  8536
               +---------+---------+-------+---------+---------+-------+---------
           D:1 |       0 |      37 |   0.0 |       0 |      27 |   0.0 |   782
           D:2 |       0 |     221 |   0.0 |       0 |      25 |   0.0 |   960
           D:3 |       0 |      43 |   0.0 |       0 |      11 |   0.0 |   743
           D:4 |       0 |     573 |   0.0 |       0 |      17 |   0.0 |  1092
           D:5 |       0 |     620 |   0.0 |       0 |      22 |   0.0 |   832
           D:6 |       0 |     649 |   0.0 |       0 |      18 |   0.0 |   742
           D:7 |       0 |    1849 |   0.0 |       0 |      26 |   0.0 |   903
           D:8 |       0 |    1469 |   0.0 |       0 |      14 |   0.0 |   814
           D:9 |       0 |    3507 |   0.0 |       0 |      52 |   0.0 |  1668
               +---------+---------+-------+---------+---------+-------+---------
